AoeStats
← Roddak9096

Arena

510458590Analyzed
3v3 RM · 1d ago on Oct 1, 2026· 43m 15s· 6 players
Game mode
Random Map
Map size
Normal (6 player)
Population
200
Speed
Normal
Resources
Standard
Victory
Conquest
Starting age
Dark Age
Ending age
Imperial Age
RankedLock teamsTeams togetherTeam positionsShared explorationLock speedFull tech treeHidden civsTurbo modeCheats
Victory
Defeat
🇦🇷 Persians · Argentina
825
+27
🇨🇴 Khmer · Colombia
785
+18
🇲🇽 Sicilians · Mexico
678
+18
🇨🇴 Georgians · Colombia
765
-16
🇨🇴 Sicilians · Colombia
747
-15
🇨🇴 Khmer · Colombia
747
-15
Roddak9096
9:44 Feudal Age
11:48 Loom
14:13 Castle Age
13:45 Double-Bit Axe
13:43 Horse Collar
22:24 Bow Saw
24:53 Wheelbarrow
24:04 Town Watch
24:28 Gold Mining
24:28 Stone Mining
26:11 Hand Cart
29:10 Imperial Age
27:59 Gold Shaft Mining
27:59 Stone Shaft Mining
27:39 Scale Barding Armor
27:45 Forging
27:41 Heavy Plow
29:00 Bloodlines
28:50 Husbandry
29:14 Chain Barding Armor
30:00 Conscription
30:26 Iron Casting
31:02 Plate Barding Armor
31:31 Two-Man Saw
31:06 Crop Rotation
30:24 Elite War Elephant
33:25 Blast Furnace
38:36 Light Cavalry
40:00 Hussar
40:57 Devotion
43:06 Chemistry
42:03 Murder Holes
42:32 Ballistics
jafet.rdz.v
10:14 Feudal Age
8:30 Loom
11:58 Loom
16:54 Castle Age
15:37 Horse Collar
16:26 Double-Bit Axe
16:43 Gold Mining
18:10 Bow Saw
24:33 Wheelbarrow
24:38 Gold Shaft Mining
23:55 Town Watch
26:44 Heavy Plow
27:12 Forging
31:35 Imperial Age
30:45 Hand Cart
30:30 Town Watch
31:38 Heavy Scorpion
33:31 Chemistry
33:34 First Crusade
33:22 Elite Serjeant
36:24 Iron Casting
35:49 Scale Mail Armor
fabianandresrestrepo
9:30 Feudal Age
13:07 Man-at-Arms
20:02 Castle Age
31:49 Imperial Age
32:09 Pikeman
35:03 Light Cavalry
38:53 Halberdier
LePetitTeodoro
11:22 Feudal Age
15:17 Double-Bit Axe
17:39 Castle Age
15:56 Horse Collar
19:14 Bloodlines
21:07 Husbandry
27:57 Forging
28:46 Gold Mining
30:14 Wheelbarrow
32:14 Hand Cart
37:06 Imperial Age
40:31 Block Printing
gonzolos
11:20 Feudal Age
10:51 Loom
12:38 Horse Collar
17:34 Castle Age
16:24 Double-Bit Axe
20:16 Heavy Plow
20:49 Stone Mining
22:01 Bow Saw
22:39 Gold Mining
25:39 Wheelbarrow
27:06 Gambesons
27:21 Squires
28:33 Gold Shaft Mining
29:03 Stone Shaft Mining
28:43 Caravan
29:51 First Crusade
30:54 Forging
30:45 Scale Mail Armor
35:34 Imperial Age
34:46 Iron Casting
35:20 Pikeman
36:42 Conscription
36:54 Sappers
40:40 Hand Cart
40:36 Halberdier
cinematkun
14:44 Feudal Age
15:52 Horse Collar
16:02 Double-Bit Axe
22:48 Castle Age
22:20 Gold Mining
22:21 Stone Mining
23:53 Heavy Plow
24:07 Bow Saw
25:16 Stone Shaft Mining
24:46 Caravan
25:17 Coinage
31:46 Tusk Swords
39:05 Imperial Age
40:28 Conscription
40:09 Double Crossbow
40:02 Heavy Scorpion
Connection lost

Rejoining the realm…

Still unreachable

The connection could not be restored.

Session expired

The server has moved on; the page needs a fresh start.